 Dungeon Crawl Stone Soup version 0.20.1-1-g8b1a95d (webtiles) character file.

113 Vasilisck the Conjurer (level 4, -7/33 HPs)
             Began as a Draconian Conjurer on Dec 3, 2017.
             Killed by divine providence
             ... invoked by an orc priest
              (11 damage)
             ... on level 2 of the Dungeon.
             The game lasted 00:06:53 (2965 turns).

Vasilisck the Conjurer (Draconian Conjurer)         Turns: 2965, Time: 00:06:54

Health: -7/33      AC:  5    Str:  9 (10) XL:     4   Next: 65%
Magic:  0/8        EV: 12    Int: 14 (16) God:
Gold:   45         SH:  0    Dex: 11 (12) Spells: 4/9 levels left

rFire    . . .     SeeInvis .   (no weapon)
rCold    . . .     Gourm    .   (no shield)
rNeg     . . .     Faith    .   (armour unavailable)
rPois    .         Spirit   .   (helmet restricted)
rElec    .         Reflect  .   (no cloak)
rCorr    .         Harm     .   (no gloves)
MR       .....     Clarity  +   (no boots)
Stlth    ++........             (no amulet)
Regen    0.2/turn               (no ring)
MPRegen  0.2/turn               (no ring)

@: very slightly contaminated
A: unfitting armour, horns 2, clarity, cold-blooded, AC +5
a: no special abilities


You were on level 2 of the Dungeon.
You were hungry.

You visited 1 branch of the dungeon, and saw 3 of its levels.

You collected 45 gold pieces.

Inventory:

Jewellery
 c - a +2 ring of evasion {unknown}
Scrolls
 d - 2 scrolls of teleportation {unknown}
 f - 2 scrolls of fear
 h - a scroll of recharging {unknown}
 i - 2 scrolls of identify {unknown}
 j - a scroll of noise {unknown}
 k - a scroll of enchant armour {unknown}
 l - a scroll of random uselessness {unknown}
 m - a scroll of blinking {unknown}
Books
 a - a book of Conjurations

   Spells                             Type                      Level
   a - Magic Dart                     Conjuration                  1
   b - Searing Ray                    Conjuration                  2
   c - Dazzling Spray                 Conjuration/Hexes            3
   d - Fulminant Prism                Conjuration/Hexes            4
   e - Force Lance                    Conjuration/Translocation    4
   f - Iskenderun's Mystic Blast      Conjuration                  4
Comestibles
 b - a bread ration


   Skills:
 - Level 1.7 Dodging
 - Level 1.7 Stealth
 + Level 3.3 Spellcasting
 + Level 5.3 Conjurations


You had 4 spell levels left.
You knew the following spells:

 Your Spells              Type           Power        Failure   Level  Hunger
a - Magic Dart            Conj           ###.         2%          1    #......
b - Iskenderun's Mystic   Conj           ###.....     24%         4    #####..


Dungeon Overview and Level Annotations

Branches:
Dungeon (3/15)

Altars:
Okawaru
Qazlal


Innate Abilities, Weirdness & Mutations

Your plain brown scales are hard. (AC +5)
You cannot fit into any form of body armour.
You are cold-blooded and may be slowed by cold attacks.
You have a pair of horns on your head.
You possess an exceptional clarity of mind.


Message History

Casting: Magic Dart
Confirm with . or Enter, or press ? or * to list all spells.
Aiming: Magic Dart
Press: ? - help, Shift-Dir - straight line, f/p - orc priest
Aim: an orc priest, wielding a falchion and wearing a chain mail (almost dead)
The magic dart hits the orc priest.
The orc priest is almost dead.
The orc priest hits you with a falchion.
You barely miss the orc priest.
The orc priest is almost dead.
The orc priest hits you with a falchion.
* * * LOW HITPOINT WARNING * * *
You hit the orc priest but do no damage.
The orc priest is severely wounded.
The orc priest calls down the wrath of Beogh upon you.
Pain shoots through your body!
* * * LOW HITPOINT WARNING * * *
The orc priest calls down the wrath of Beogh upon you.
Beogh smites you!
You die...

################
######.......#......#
#..............####o##
#.####.####.##.#.....#
#.##.....##.##.#.##..#######
#.#.......#....#.##.......o#
#.#.......#.#@......######)#
#....._..........####
###.### ##.#.......#.#<####
#.....# #..#.......#.#o#
#.###.#
#..##.....##...###### #.#
#.# #..####.####..#.....#
#.###.#
#...(........##.....#
#..>..#
#.#######.#####.....#
####.## #.# #.# #.....#
#....#


You could see an orc priest.

Vanquished Creatures
  An orc priest (D:2)
  2 adders (D:2)
  2 oozes (D:1)
  2 dart slugs
  3 leopard geckos
  A ball python (D:1)
  9 bats
  2 giant cockroaches
  7 goblins
  5 hobgoblins (D:1)
  5 frilled lizards
  5 kobolds
  9 rats
53 creatures vanquished.

Vanquished Creatures (others)
  A rat (D:2)
1 creature vanquished.

Grand Total: 54 creatures vanquished

Notes
Turn   | Place    | Note
-------+----------+-------------------------------------------
     0 | D:1      | Vasilisck the Draconian Conjurer began the quest for the Orb.
     0 | D:1      | Reached XP level 1. HP: 14/14 MP: 3/3
   471 | D:1      | Reached XP level 2. HP: 20/20 MP: 0/5
  1135 | D:1      | Reached XP level 3. HP: 24/26 MP: 2/7
  1973 | D:2      | Found a stormy altar of Qazlal.
  2153 | D:2      | Found an iron altar of Okawaru.
  2176 | D:2      | Reached skill level 5 in Conjurations
  2272 | D:2      | Reached XP level 4. HP: 31/33 MP: 0/8
  2342 | D:2      | Learned a level 4 spell: Iskenderun's Mystic Blast
  2599 | D:2      | Gained mutation: You possess an exceptional clarity of mind. [potion of mutation]
  2599 | D:2      | Gained mutation: You have a pair of small horns on your head. [potion of mutation]
  2599 | D:2      | Gained mutation: You have a pair of horns on your head. [potion of mutation]
  2600 | D:2      | HP: 1/33 [orc priest/club (4)]
  2965 | D:2      | Killed from afar by an orc priest

Skill      XL: |  1  2  3 |
---------------+----------+-----
Conjurations   | 5 |  5.3
Spellcasting   | 3 |  3.3
Dodging        | |  1.7
Stealth        | |  1.7

Action                   |  1- 3 |  4- 6 || total
-------------------------+-------+-------++-------
Melee: Unarmed           |    21 |     4 ||    25
       Tailslap          |     6 |       ||     6
 Cast: Magic Dart        |   100 |    23 ||   123
  Use: Potion            |       |     7 ||     7
       Scroll            |       |     1 ||     1
  Eat: Chunk             |     5 |       ||     5
       Royal jelly       |       |     1 ||     1
Armor: Skin              |    11 |     5 ||    16
Dodge: Dodged            |    22 |    12 ||    34
